[Event "CZE-ch Amateurs 2022"]
[Site "Luhacovice"]
[Date "2022.03.12"]
[Round "1.1"]
[White "Kopecky, Matej"]
[Black "Jedlicka, Ales"]
[Result "*"]
[ECO "B96"]
[WhiteElo "1598"]
[BlackElo "2223"]
[Annotator "RC"]
[PlyCount "106"]
[EventDate "2022.03.12"]
[EventType "swiss"]
[EventCountry "CZE"]
[SourceTitle "playchess.com"]
[Source "ChessBase"]
[SourceQuality "1"]
[TimeControl "5400+30"]

1. e4 c5 2. Nf3 d6 3. Nc3 a6 4. d4 cxd4 5. Nxd4 Nf6 6. Bg5 e6 7. f4 Nbd7 8. Qf3 Qc7 9. g4 b5 10. Bd3 Bb7 11. Bxf6 Nxf6 12. g5 Nd7 13. Qh3 b4 14. Nce2 Nc5 15. g6 O-O-O 16. f5 exf5 17. Qxf5+ Qd7 18. Qxf7 Be7 19. Nf5 Bf6 20. O-O-O Qxf7 21. gxf7 g6 22. Nfg3 Rhf8 23. Bc4 a5 24. Nd4 d5 25. exd5 Bxd5 26. Bxd5 Rxd5 27. Nb5 Rxd1+ 28. Rxd1 Be7 29. Rf1 Kd7 30. Nd4 Bg5+ 31. Kd1 Ne6 32. Nf3 Bf6 33. b3 Ke7 34. Ne4 Rxf7 35. Nxf6 Rxf6 36. Nd2 Rxf1+ 37. Nxf1 Kd6 38. Ne3 Kc5 39. Kd2 Nf4 40. Nc4 a4 41. Ke3 Nd5+ 42. Kd3 a3 43. h4 Nf4+ 44. Kd2 Ng2 45. c3 Nxh4 46. Ne5 Kd5 47. Nd3 bxc3+ 48. Kxc3 g5 49. Kd2 h5 50. Ke3 Nf5+ 51. Kf2 Kd4 52. Ke2 Kc3 53. b4 Nd4+ *

[Event "CZE-ch Amateurs 2022"]
[Site "Luhacovice"]
[Date "2022.03.12"]
[Round "1.2"]
[White "Jun, Rudolf"]
[Black "Beinhauer, Bernard"]
[Result "1-0"]
[ECO "A34"]
[WhiteElo "2215"]
[BlackElo "1595"]
[Annotator "ChessBase"]
[PlyCount "119"]
[EventDate "2022.03.12"]
[EventType "swiss"]
[EventCountry "CZE"]
[SourceTitle "playchess.com"]
[Source "ChessBase"]
[SourceQuality "1"]
[TimeControl "5400+30"]

1. e4 c5 2. Nf3 e6 3. c4 Nc6 4. Nc3 Nf6 5. Be2 d5 6. exd5 exd5 7. d4 Be7 8. Bg5 Be6 9. cxd5 Nxd5 10. Bxe7 Qxe7 11. Nxd5 Bxd5 12. O-O O-O 13. Re1 cxd4 14. Nxd4 Qf6 15. Nxc6 Bxc6 16. Qb3 Rad8 17. Rad1 Rfe8 18. Bc4 Rxe1+ 19. Rxe1 h6 20. h3 Rd2 21. Qe3 Qd4 22. Qxd4 Rxd4 23. b3 Kf8 24. Re3 Rd1+ 25. Kh2 Rd2 26. Re2 Rxe2 27. Bxe2 Ke7 28. Kg3 f5 29. f4 g5 30. Bf1 Kf6 31. h4 Kg6 32. Bd3 gxh4+ 33. Kh3 Be4 34. Bf1 a6 35. Kxh4 Bc6 36. g3 Bf3 37. Bc4 Kf6 38. Kh3 b5 39. Bd3 Ke6 40. Kh2 Bg4 41. Kg2 Kd5 42. Kf2 Kd4 43. Bf1 Kc3 44. Ke3 Kb2 45. a4 bxa4 46. bxa4 a5 47. Kd4 Ka3 48. Bb5 Bd1 49. Bd7 Bc2 50. Ke5 Kb4 51. Kf6 Bxa4 52. Bxf5 Bb5 53. Bc2 Ba4 54. Bb1 Bd1 55. Kg7 a4 56. f5 a3 57. f6 Bc2 58. Ba2 Bb3 59. f7 Bxa2 60. f8=Q+ 1-0

[Event "CZE-ch Amateurs 2022"]
[Site "Luhacovice"]
[Date "2022.03.12"]
[Round "1.3"]
[White "Ocelak, David"]
[Black "Kratochvil, Josef"]
[Result "0-1"]
[ECO "B43"]
[WhiteElo "1570"]
[BlackElo "2200"]
[Annotator "ChessBase"]
[PlyCount "106"]
[EventDate "2022.03.12"]
[EventType "swiss"]
[EventCountry "CZE"]
[SourceTitle "playchess.com"]
[Source "ChessBase"]
[SourceQuality "1"]
[TimeControl "5400+30"]

1. e4 c5 2. Nf3 e6 3. d4 cxd4 4. Nxd4 a6 5. Nc3 b5 6. Be3 Bb7 7. f3 b4 8. Nb1 Nf6 9. Nd2 Qc7 10. Bd3 d5 11. Qe2 Nbd7 12. O-O Bd6 13. g3 Nc5 14. Qg2 O-O 15. N4b3 dxe4 16. Nxe4 Nxd3 17. cxd3 Be7 18. Rac1 Qd8 19. Rfd1 Bd5 20. Nbc5 Nd7 21. b3 Rc8 22. d4 f5 23. Nf2 Nxc5 24. dxc5 Bg5 25. Bxg5 Qxg5 26. Re1 Qh5 27. Re3 f4 28. g4 Qg6 29. Re5 Rc6 30. Ne4 a5 31. Qf2 Qf7 32. Qd4 Qc7 33. Kg2 Rd8 34. Nd6 Rcxd6 35. cxd6 Qxc1 36. Rg5 Bxf3+ 37. Kxf3 Qf1+ 38. Qf2 Qh1+ 39. Qg2 Qxg2+ 40. Kxg2 Rxd6 41. Rxa5 Kf7 42. Kf3 Rd4 43. Ra7+ Kf6 44. h4 e5 45. Ra6+ Ke7 46. g5 g6 47. Rb6 Kd7 48. Rb7+ Ke6 49. Rxh7 Rd3+ 50. Ke2 e4 51. Rh8 Kf5 52. Re8 f3+ 53. Ke1 Kf4 0-1

[Event "CZE-ch Amateurs 2022"]
[Site "Luhacovice"]
[Date "2022.03.12"]
[Round "1.4"]
[White "Nemec, Pavel"]
[Black "Sepsi, Jakub"]
[Result "*"]
[ECO "B51"]
[WhiteElo "2223"]
[BlackElo "1639"]
[Annotator "RC"]
[PlyCount "95"]
[EventDate "2022.03.12"]
[EventType "swiss"]
[EventCountry "CZE"]
[SourceTitle "playchess.com"]
[Source "ChessBase"]
[SourceQuality "1"]
[TimeControl "5400+30"]

1. e4 c5 2. Nf3 Nc6 3. Bb5 d6 4. O-O Bd7 5. Re1 a6 6. Bf1 Bg4 7. h3 Bh5 8. Nc3 Nd4 9. g4 Nxf3+ 10. Qxf3 Bg6 11. e5 Rb8 12. exd6 e6 13. d4 cxd4 14. Nb5 Bxd6 15. Nxd6+ Qxd6 16. Bf4 Qd8 17. Bxb8 Qxb8 18. Rad1 h5 19. g5 Ne7 20. Rxd4 Nc6 21. Rd2 Qc7 22. Qe3 O-O 23. Bg2 Nb4 24. c3 Nc6 25. Qg3 Qb6 26. Bxc6 Qxc6 27. Qg2 Qb5 28. b3 Kh7 29. c4 Qa5 30. Red1 b5 31. c5 Rc8 32. Rd4 Qxa2 33. b4 a5 34. Qb7 Rf8 35. Qxb5 axb4 36. Qxb4 f6 37. c6 Rf7 38. Qc4 Qa5 39. Qxe6 Qxg5+ 40. Kh2 Qc5 41. Qd6 Qf5 42. Qf4 Qc8 43. Rc1 Rc7 44. Rd6 Be8 45. Qe4+ Kh8 46. Qd5 Qb8 47. Rd8 Rc8+ 48. c7 *

[Event "CZE-ch Amateurs 2022"]
[Site "Luhacovice"]
[Date "2022.03.12"]
[Round "1.5"]
[White "Zednicek, Filip"]
[Black "Vanek, Ladislav"]
[Result "0-1"]
[ECO "C01"]
[WhiteElo "1570"]
[BlackElo "2221"]
[Annotator "ChessBase"]
[PlyCount "46"]
[EventDate "2022.03.12"]
[EventType "swiss"]
[EventCountry "CZE"]
[SourceTitle "playchess.com"]
[Source "ChessBase"]
[SourceQuality "1"]
[TimeControl "5400+30"]

1. e4 e6 2. d4 d5 3. exd5 exd5 4. c4 Bb4+ 5. Nc3 Nf6 6. Nf3 O-O 7. Be2 dxc4 8. Bxc4 Re8+ 9. Be3 Be6 10. Bxe6 Rxe6 11. O-O Nbd7 12. Qb3 a5 13. Rac1 Nb6 14. a3 Bxc3 15. bxc3 a4 16. Qb5 Qd5 17. Qd3 Qb3 18. Ra1 Qc4 19. Qc2 Nfd5 20. Ng5 Rg6 21. Bd2 Nxc3 22. Qxc3 Qxc3 23. Bxc3 Rxg5 0-1

[Event "CZE-ch Amateurs 2022"]
[Site "Luhacovice"]
[Date "2022.03.12"]
[Round "1.6"]
[White "Mudrak, Josef"]
[Black "Jankovsky, Zbynek"]
[Result "1-0"]
[ECO "A43"]
[WhiteElo "2219"]
[BlackElo "1594"]
[Annotator "ChessBase"]
[PlyCount "109"]
[EventDate "2022.03.12"]
[EventType "swiss"]
[EventCountry "CZE"]
[SourceTitle "playchess.com"]
[Source "ChessBase"]
[SourceQuality "1"]
[TimeControl "5400+30"]

1. d4 e6 2. Nf3 c5 3. g3 cxd4 4. Nxd4 Nc6 5. Bg2 Bc5 6. Nb3 Bb6 7. c4 Qe7 8. O-O Nf6 9. Nc3 a6 10. Bf4 e5 11. Bg5 Qe6 12. Nd5 Nxd5 13. cxd5 Qg6 14. dxc6 dxc6 15. Qd2 O-O 16. Be3 Bc7 17. Nc5 Rd8 18. Qc3 Rb8 19. Rad1 Re8 20. Nd7 Ra8 21. Nxe5 Bxe5 22. Qxe5 Bg4 23. Qc7 Bxe2 24. Qxb7 Bxd1 25. Rxd1 Rab8 26. Qxa6 Rxb2 27. Qxc6 Reb8 28. Qxg6 hxg6 29. Bd5 Rb1 30. Rxb1 Rxb1+ 31. Kg2 Kf8 32. Bc5+ Ke8 33. Bc6+ Kd8 34. Bf8 Rc1 35. Bd5 Ke8 36. Bxg7 Ke7 37. Bb2 Rc2 38. Ba3+ Kf6 39. h4 Rd2 40. Bb3 Kg7 41. Bb4 Rd7 42. Kf3 Rb7 43. Bc3+ Kf8 44. g4 Kg8 45. Bd4 Rd7 46. Ke4 Rb7 47. Bd5 Rb8 48. a4 Re8+ 49. Kd3 Rd8 50. Kc4 Rc8+ 51. Bc5 Rb8 52. a5 Rb2 53. a6 Rc2+ 54. Kb5 Rb2+ 55. Kc6 1-0

[Event "CZE-ch Amateurs 2022"]
[Site "Luhacovice"]
[Date "2022.03.12"]
[Round "1.7"]
[White "Svec, Ludek"]
[Black "Jares, Michal"]
[Result "1/2-1/2"]
[ECO "E18"]
[WhiteElo "1595"]
[BlackElo "2160"]
[Annotator "ChessBase"]
[PlyCount "120"]
[EventDate "2022.03.12"]
[EventType "swiss"]
[EventCountry "CZE"]
[SourceTitle "playchess.com"]
[Source "ChessBase"]
[SourceQuality "1"]
[TimeControl "5400+30"]

1. d4 Nf6 2. Nf3 e6 3. g3 b6 4. Bg2 Bb7 5. O-O Be7 6. c4 O-O 7. Nc3 d5 8. Ne5 Nbd7 9. cxd5 Nxe5 10. dxe5 Nxd5 11. Nxd5 Bxd5 12. Be3 c5 13. Qc2 Bxg2 14. Kxg2 Qd5+ 15. Kg1 Qxe5 16. a4 Bf6 17. b3 Qxa1 18. Rxa1 Bxa1 19. Qc4 Rfd8 20. Kg2 h6 21. h4 Bd4 22. Qb5 Bxe3 23. fxe3 Rd5 24. Qa6 Rd7 25. h5 Rad8 26. Kf3 Rc7 27. g4 Rd5 28. Qc4 Rcd7 29. Qa6 Kf8 30. Qc8+ Ke7 31. Qb8 Rg5 32. Qa8 f5 33. gxf5 Rxf5+ 34. Kg4 Rg5+ 35. Kh4 Rd1 36. Qxa7+ Kf6 37. Qa8 Rdg1 38. Qf8+ Ke5 39. Qf4+ Kd5 40. Qf3+ Kd6 41. Qf8+ Kc6 42. Qc8+ Kd5 43. Qb7+ Ke5 44. Qc7+ Kf6 45. Qd8+ Kf7 46. Qd7+ Kf8 47. Qd8+ Kf7 48. Qd7+ Kf6 49. Qd8+ Kf5 50. Qf8+ Ke4 51. Qf4+ Kd5 52. Qf3+ Kd6 53. Qf8+ Kc7 54. Qe7+ Kb8 55. Qe8+ Ka7 56. Qd7+ Ka8 57. Qc8+ Ka7 58. Qd7+ Ka6 59. Qb5+ Ka7 60. Qd7+ Kb8 1/2-1/2

[Event "CZE-ch Amateurs 2022"]
[Site "Luhacovice"]
[Date "2022.03.12"]
[Round "1.8"]
[White "Cagasik, Tomas"]
[Black "Sedy, Matej"]
[Result "1-0"]
[ECO "A05"]
[WhiteElo "2177"]
[BlackElo "1548"]
[Annotator "ChessBase"]
[PlyCount "59"]
[EventDate "2022.03.12"]
[EventType "swiss"]
[EventCountry "CZE"]
[SourceTitle "playchess.com"]
[Source "ChessBase"]
[SourceQuality "1"]
[TimeControl "5400+30"]

1. Nf3 Nf6 2. b3 g6 3. Bb2 Bg7 4. g3 d5 5. c4 Nc6 6. cxd5 Qxd5 7. Bg2 Bg4 8. Nc3 Qd7 9. h3 Bf5 10. g4 Be6 11. Ng5 Nd5 12. Nxe6 fxe6 13. Qc1 Nf4 14. Be4 O-O 15. Na4 Ne5 16. Qc2 Rad8 17. d4 Nc6 18. e3 Nxd4 19. exd4 Bxd4 20. O-O-O Bxb2+ 21. Kxb2 Qc8 22. h4 Nd5 23. h5 Nb4 24. Qc5 Nd5 25. hxg6 hxg6 26. Bxd5 exd5 27. Qd4 Kf7 28. Rh7+ Ke8 29. Re1 Qd7 30. Nc5 1-0

[Event "CZE-ch Amateurs 2022"]
[Site "Luhacovice"]
[Date "2022.03.12"]
[Round "1.9"]
[White "Vlcek, Vojtech"]
[Black "Husek, Martin"]
[Result "1-0"]
[ECO "A58"]
[WhiteElo "1546"]
[BlackElo "2167"]
[Annotator "ChessBase"]
[PlyCount "81"]
[EventDate "2022.03.12"]
[EventType "swiss"]
[EventCountry "CZE"]
[SourceTitle "playchess.com"]
[Source "ChessBase"]
[SourceQuality "1"]
[TimeControl "5400+30"]

1. d4 Nf6 2. c4 c5 3. d5 b5 4. cxb5 a6 5. bxa6 Bxa6 6. Nc3 d6 7. g3 g6 8. Nf3 Bg7 9. Bg2 O-O 10. O-O Nbd7 11. Rb1 Qb6 12. b3 Rfb8 13. Qc2 Ne8 14. Bb2 Nc7 15. Na4 Qb7 16. Bxg7 Kxg7 17. Nc3 Nb5 18. Nxb5 Bxb5 19. Rfe1 Kg8 20. a4 Ba6 21. e4 Qb4 22. e5 dxe5 23. Nxe5 Nxe5 24. Rxe5 c4 25. Re3 Bc8 26. Rc1 cxb3 27. Qb2 Bd7 28. d6 Ra6 29. dxe7 Re6 30. Rec3 Rxe7 31. a5 Rbe8 32. h3 Re1+ 33. Rxe1 Rxe1+ 34. Kh2 Be6 35. a6 Qa5 36. Rd3 Qe5 37. Qxe5 Rxe5 38. a7 Ra5 39. Rd8+ Kg7 40. a8=Q Rxa8 41. Rxa8 1-0

[Event "CZE-ch Amateurs 2022"]
[Site "Luhacovice"]
[Date "2022.03.12"]
[Round "1.10"]
[White "Sremanak, Slavomir"]
[Black "Psotka, Tomas"]
[Result "1-0"]
[ECO "B40"]
[WhiteElo "2187"]
[BlackElo "1538"]
[Annotator "ChessBase"]
[PlyCount "79"]
[EventDate "2022.03.12"]
[EventType "swiss"]
[EventCountry "CZE"]
[SourceTitle "playchess.com"]
[Source "ChessBase"]
[SourceQuality "1"]
[TimeControl "5400+30"]

1. e4 e6 2. c4 c5 3. Nc3 Nc6 4. Nf3 Nge7 5. d4 cxd4 6. Nxd4 Nxd4 7. Qxd4 Nc6 8. Qe3 b6 9. Be2 Nb4 10. Qd2 Be7 11. O-O O-O 12. Rd1 h6 13. a3 Na6 14. b4 Nc7 15. e5 Re8 16. Bb2 Bf8 17. Bf3 Rb8 18. Rac1 Re7 19. Ne4 Bb7 20. Qf4 Bxe4 21. Bxe4 Re8 22. Rc3 Qe7 23. Bc2 Red8 24. Qe4 g6 25. h4 h5 26. Rcd3 b5 27. c5 Nd5 28. Bc1 Rdc8 29. Bb3 Bg7 30. Bg5 Qe8 31. Bxd5 exd5 32. Qxd5 Qxe5 33. Qf3 Qe6 34. Rxd7 Ra8 35. Re7 Qc4 36. Rdd7 Rf8 37. Rxf7 Rxf7 38. Qxa8+ Rf8 39. Rxg7+ Kxg7 40. Bh6+ 1-0

[Event "CZE-ch Amateurs 2022"]
[Site "Luhacovice"]
[Date "2022.03.12"]
[Round "1.11"]
[White "Bata, Jiri"]
[Black "Novotny, Jaroslav"]
[Result "0-1"]
[ECO "B08"]
[WhiteElo "1535"]
[BlackElo "2190"]
[Annotator "ChessBase"]
[PlyCount "54"]
[EventDate "2022.03.12"]
[EventType "swiss"]
[EventCountry "CZE"]
[SourceTitle "playchess.com"]
[Source "ChessBase"]
[SourceQuality "1"]
[TimeControl "5400+30"]

1. e4 g6 2. d4 Bg7 3. Nf3 d6 4. Be2 Nf6 5. Nc3 O-O 6. O-O e6 7. Bg5 h6 8. Bxf6 Qxf6 9. Qd2 a6 10. Rad1 Nc6 11. Rfe1 e5 12. d5 Nd4 13. Nxd4 exd4 14. Nb1 Re8 15. Qd3 c5 16. c4 Bd7 17. Nd2 b5 18. b3 Rab8 19. Rc1 h5 20. h3 Bh6 21. f3 bxc4 22. bxc4 Bxh3 23. Rc2 Be3+ 24. Kh2 Bf2 25. Rf1 Qf4+ 26. Kh1 Bxg2+ 27. Kxg2 Qg3+ 0-1

[Event "CZE-ch Amateurs 2022"]
[Site "Luhacovice"]
[Date "2022.03.12"]
[Round "1.12"]
[White "Zvolensky, David"]
[Black "Vyvial, Vaclav"]
[Result "1-0"]
[ECO "B86"]
[WhiteElo "2159"]
[BlackElo "1527"]
[Annotator "ChessBase"]
[PlyCount "85"]
[EventDate "2022.03.12"]
[EventType "swiss"]
[EventCountry "CZE"]
[SourceTitle "playchess.com"]
[Source "ChessBase"]
[SourceQuality "1"]
[TimeControl "5400+30"]

1. e4 c5 2. Nf3 d6 3. d4 cxd4 4. Nxd4 Nf6 5. Nc3 a6 6. Bc4 e6 7. Bb3 Be7 8. O-O O-O 9. f4 Nbd7 10. Qf3 Nc5 11. Be3 Qc7 12. a3 Nxb3 13. cxb3 Rb8 14. Rac1 Qa5 15. b4 Qh5 16. Qxh5 Nxh5 17. e5 g6 18. Ne4 Rd8 19. Rc7 d5 20. Rxe7 dxe4 21. Rc1 Ng7 22. g4 Ne8 23. Nb3 b6 24. Nd2 Kf8 25. Ra7 Rb7 26. Rxb7 Bxb7 27. Rc2 b5 28. Kf2 Kg7 29. Nb3 Rc8 30. Rxc8 Bxc8 31. Bb6 f5 32. exf6+ Nxf6 33. Bd4 Kf7 34. Bxf6 Kxf6 35. Nc5 h6 36. Nxe4+ Ke7 37. Kf3 Bb7 38. Ke3 Bxe4 39. Kxe4 Kd6 40. h4 Ke7 41. Ke5 Kf7 42. g5 h5 43. Kd6 1-0

[Event "CZE-ch Amateurs 2022"]
[Site "Luhacovice"]
[Date "2022.03.12"]
[Round "1.13"]
[White "Zemek, Antonin"]
[Black "Lorenc, Tomas"]
[Result "0-1"]
[ECO "A30"]
[WhiteElo "1484"]
[BlackElo "2183"]
[Annotator "ChessBase"]
[PlyCount "101"]
[EventDate "2022.03.12"]
[EventType "swiss"]
[EventCountry "CZE"]
[SourceTitle "playchess.com"]
[Source "ChessBase"]
[SourceQuality "1"]
[TimeControl "5400+30"]

1. Nf3 Nf6 2. c4 g6 3. b3 Bg7 4. Bb2 O-O 5. e3 c5 6. d3 d5 7. Be2 Nc6 8. O-O d4 9. a3 a5 10. Nbd2 dxe3 11. fxe3 Ng4 12. Bxg7 Nxe3 13. Qc1 Nxf1 14. Bxf8 Nxd2 15. Qxd2 Qxf8 16. Rf1 Qg7 17. Ng5 Qd4+ 18. Kh1 f6 19. Nf3 Qd6 20. h3 Kg7 21. Nh4 Qg3 22. Nf3 Bf5 23. Qe3 b6 24. b4 axb4 25. axb4 Qd6 26. Nh4 Nd4 27. bxc5 bxc5 28. Nxf5+ gxf5 29. Bf3 Ra2 30. Re1 e6 31. Rb1 Kg6 32. h4 h5 33. Bd1 Qe5 34. Qh3 Qe1+ 35. Kh2 Kh6 36. Rb8 Qe5+ 37. Qg3 Qxg3+ 38. Kxg3 Rd2 39. Bxh5 Kxh5 40. Kf4 e5+ 41. Kg3 Rxd3+ 42. Kf2 Kxh4 43. Rg8 f4 44. g4 Rd2+ 45. Ke1 Re2+ 46. Kf1 Ra2 47. g5 fxg5 48. Re8 Ra1+ 49. Kf2 g4 50. Rxe5 g3+ 51. Kg2 0-1

[Event "CZE-ch Amateurs 2022"]
[Site "Luhacovice"]
[Date "2022.03.12"]
[Round "1.14"]
[White "Zabystrzan, Pavel"]
[Black "Cizek, Jan"]
[Result "1-0"]
[ECO "A11"]
[WhiteElo "2162"]
[BlackElo "1708"]
[Annotator "ChessBase"]
[PlyCount "73"]
[EventDate "2022.03.12"]
[EventType "swiss"]
[EventCountry "CZE"]
[SourceTitle "playchess.com"]
[Source "ChessBase"]
[SourceQuality "1"]
[TimeControl "5400+30"]

1. Nf3 Nf6 2. g3 g6 3. b3 Bg7 4. Bb2 d5 5. Bg2 O-O 6. O-O Bf5 7. c4 c6 8. d3 e6 9. Nbd2 h6 10. Qc2 g5 11. Bc3 Nbd7 12. Qb2 Qe7 13. Ne5 Nxe5 14. Bxe5 Ne8 15. Bxg7 Nxg7 16. b4 b5 17. cxb5 cxb5 18. Rfc1 Rac8 19. a3 Qd7 20. Nb3 Rxc1+ 21. Rxc1 Rc8 22. Nc5 Qd6 23. e4 dxe4 24. dxe4 Bg6 25. e5 Qe7 26. Qe2 Qe8 27. Bf1 Rb8 28. Rd1 a5 29. Nd7 Qc8 30. Nxb8 Qxb8 31. Qxb5 Qxb5 32. Bxb5 axb4 33. axb4 Be4 34. Rd8+ Kh7 35. Bd3 Bxd3 36. Rxd3 Ne8 37. b5 1-0

[Event "CZE-ch Amateurs 2022"]
[Site "Luhacovice"]
[Date "2022.03.12"]
[Round "1.15"]
[White "Licek, Prokop"]
[Black "Buchcar, Tomas"]
[Result "0-1"]
[ECO "E38"]
[WhiteElo "1511"]
[BlackElo "2121"]
[Annotator "ChessBase"]
[PlyCount "136"]
[EventDate "2022.03.12"]
[EventType "swiss"]
[EventCountry "CZE"]
[SourceTitle "playchess.com"]
[Source "ChessBase"]
[SourceQuality "1"]
[TimeControl "5400+30"]

1. d4 Nf6 2. c4 e6 3. Nc3 Bb4 4. Qc2 c5 5. e3 Nc6 6. Nf3 O-O 7. Bd3 d5 8. dxc5 Bxc5 9. a3 dxc4 10. Bxc4 a6 11. b4 Be7 12. O-O b5 13. Be2 Bb7 14. Rd1 Qb6 15. Bb2 Rac8 16. Rac1 h6 17. h3 Rfd8 18. Rxd8+ Rxd8 19. Rd1 Kf8 20. Rxd8+ Qxd8 21. Qd2 Qd6 22. Qd3 Nb8 23. Qxd6 Bxd6 24. Nd4 Nbd7 25. Bf3 Bxf3 26. Nxf3 Nb6 27. Nd2 Ke7 28. Kf1 g6 29. Ke2 Nfd7 30. f4 e5 31. Kf3 exf4 32. exf4 f5 33. Ne2 Nd5 34. g4 Kf7 35. Nf1 N7b6 36. gxf5 gxf5 37. Nfg3 Kg6 38. h4 h5 39. Bc1 Nc4 40. Nd4 Ne7 41. Nge2 Ng8 42. Ng3 Nh6 43. Ne6 Ng8 44. Nd4 Ne7 45. Nge2 Bc7 46. Ne6 Bb6 47. Ng3 Kh6 48. Nc5 Bxc5 49. bxc5 Kg6 50. Ne2 Nc6 51. Kg3 a5 52. Nc3 b4 53. axb4 axb4 54. Nb5 b3 55. Kf3 b2 56. Bxb2 Nxb2 57. Ke3 Kf6 58. Nc3 Nc4+ 59. Kf3 Nd4+ 60. Kg2 Ke7 61. Nd5+ Ke6 62. Nc7+ Kf7 63. Nd5 Na5 64. Nb4 Nac6 65. Nd3 Ke6 66. Kf2 Kd5 67. Ke3 Na5 68. Ne5 Nc4+ 0-1

[Event "CZE-ch Amateurs 2022"]
[Site "Luhacovice"]
[Date "2022.03.12"]
[Round "1.16"]
[White "Bures, Vit"]
[Black "Buk, Pavel"]
[Result "1-0"]
[ECO "A83"]
[WhiteElo "2121"]
[BlackElo "1492"]
[Annotator "NA"]
[PlyCount "55"]
[EventDate "2022.03.12"]
[EventType "swiss"]
[EventCountry "CZE"]
[SourceTitle "playchess.com"]
[Source "ChessBase"]
[SourceQuality "1"]
[TimeControl "5400+30"]

1. d4 f5 2. Nc3 Nf6 3. Bg5 e6 4. e4 fxe4 5. Nxe4 Be7 6. Bxf6 Bxf6 7. Qh5+ g6 8. Qh6 Qe7 9. Nxf6+ Qxf6 10. Nf3 Nc6 11. O-O-O b6 12. c3 Bb7 13. Bd3 O-O-O 14. Rhe1 Ne7 15. Be4 Bxe4 16. Rxe4 Rdf8 17. Rde1 Nf5 18. Qd2 Nd6 19. R4e2 Qf4 20. b3 Qxd2+ 21. Kxd2 c6 22. Ne5 Re8 23. f4 Rhf8 24. g3 Kc7 25. Kd3 b5 26. Rb1 Rb8 27. Reb2 b4 28. c4 1-0

[Event "CZE-ch Amateurs 2022"]
[Site "Luhacovice"]
[Date "2022.03.12"]
[Round "1.17"]
[White "Klima, Martin"]
[Black "Pilch, Roman"]
[Result "0-1"]
[ECO "A36"]
[WhiteElo "1486"]
[BlackElo "2136"]
[Annotator "NA"]
[PlyCount "72"]
[EventDate "2022.03.12"]
[EventType "swiss"]
[EventCountry "CZE"]
[SourceTitle "playchess.com"]
[Source "ChessBase"]
[SourceQuality "1"]
[TimeControl "5400+30"]

1. c4 Nf6 2. Nc3 c5 3. g3 g6 4. Bg2 Bg7 5. e3 O-O 6. Nge2 d6 7. O-O Nc6 8. a3 Rb8 9. Qc2 Bd7 10. d3 a6 11. Nf4 b5 12. cxb5 axb5 13. Ncd5 Ne8 14. e4 e6 15. Ne3 Nd4 16. Qd1 Nc7 17. Rb1 Qe7 18. b4 Rfc8 19. Bb2 Na8 20. Ne2 Nb6 21. Nxd4 cxd4 22. Nc2 Na4 23. Qd2 e5 24. Rfc1 Nxb2 25. Rxb2 Rc3 26. Ra1 Rbc8 27. Bf3 h5 28. Bd1 Kh7 29. Kg2 Bh6 30. Qe2 Qe6 31. Ne1 Ra8 32. Nc2 Qh3+ 33. Kh1 h4 34. g4 Qxd3 35. Qxd3 Rxd3 36. f3 Rc3 0-1

[Event "CZE-ch Amateurs 2022"]
[Site "Luhacovice"]
[Date "2022.03.12"]
[Round "1.18"]
[White "Toman, Jan"]
[Black "Stehlik, Pavel"]
[Result "1-0"]
[ECO "D13"]
[WhiteElo "2127"]
[BlackElo "1455"]
[Annotator "NA"]
[PlyCount "49"]
[EventDate "2022.03.12"]
[EventType "swiss"]
[EventCountry "CZE"]
[SourceTitle "playchess.com"]
[Source "ChessBase"]
[SourceQuality "1"]
[TimeControl "5400+30"]

1. d4 d5 2. c4 c6 3. cxd5 cxd5 4. Nc3 Nf6 5. Bf4 Nc6 6. e3 e6 7. Bd3 Be7 8. Nf3 O-O 9. O-O Bd6 10. Bxd6 Qxd6 11. Rc1 a6 12. h3 Nb4 13. Bb1 Bd7 14. Ne5 Rfc8 15. f4 Be8 16. g4 g6 17. Qf3 Nd7 18. Qf2 f5 19. gxf5 exf5 20. Qg2 Nxe5 21. fxe5 Qe6 22. Bxf5 Qb6 23. Bxc8 Rxc8 24. Nxd5 Bc6 25. Nxb6 1-0

[Event "CZE-ch Amateurs 2022"]
[Site "Luhacovice"]
[Date "2022.03.12"]
[Round "1.19"]
[White "Rychtecky, Pavel"]
[Black "Gabriel, Adam"]
[Result "0-1"]
[ECO "B44"]
[WhiteElo "1502"]
[BlackElo "2097"]
[Annotator "ChessBase"]
[PlyCount "88"]
[EventDate "2022.03.12"]
[EventType "swiss"]
[EventCountry "CZE"]
[SourceTitle "playchess.com"]
[Source "ChessBase"]
[SourceQuality "1"]
[TimeControl "5400+30"]

1. e4 c5 2. Nf3 e6 3. d4 cxd4 4. Nxd4 Nf6 5. Bd3 Nc6 6. Be3 d5 7. Nxc6 bxc6 8. exd5 exd5 9. O-O Bg4 10. f3 Be6 11. c3 Bd6 12. Qc2 O-O 13. Bg5 h6 14. Be3 Re8 15. Qf2 Qc7 16. g3 c5 17. Na3 a6 18. c4 d4 19. Bd2 Bd7 20. Rfe1 Bc6 21. Bf1 Qb7 22. b3 Bxf3 23. Bg2 Bxg2 24. Qxg2 Qxg2+ 25. Kxg2 Ne4 26. Rad1 f5 27. Re2 Kf7 28. Kf3 g5 29. Nb1 h5 30. Be1 h4 31. gxh4 g4+ 32. Kg2 f4 33. Rb2 a5 34. a3 f3+ 35. Kh1 Bf4 36. Kg1 Kg6 37. b4 axb4 38. axb4 Be3+ 39. Kf1 f2 40. Bd2 g3 41. Bxe3 dxe3 42. Re2 Nd2+ 43. Nxd2 exd2 44. Rexd2 Re1+ 0-1

[Event "CZE-ch Amateurs 2022"]
[Site "Luhacovice"]
[Date "2022.03.12"]
[Round "1.20"]
[White "Cupek, Martin"]
[Black "Kadlcik, Petr"]
[Result "1-0"]
[ECO "A00"]
[WhiteElo "2108"]
[BlackElo "1448"]
[Annotator "NA"]
[PlyCount "67"]
[EventDate "2022.03.12"]
[EventType "swiss"]
[EventCountry "CZE"]
[SourceTitle "playchess.com"]
[Source "ChessBase"]
[SourceQuality "1"]
[TimeControl "5400+30"]

1. g4 e5 2. Bg2 d5 3. d4 e4 4. g5 Ne7 5. c4 c6 6. Nc3 Be6 7. h4 Nd7 8. cxd5 cxd5 9. Bf4 Nc6 10. Bxe4 Nb6 11. Bf3 Bd6 12. Bxd6 Qxd6 13. e3 O-O 14. Nge2 Qb4 15. b3 Rac8 16. Rc1 a6 17. Nf4 Na7 18. Qd2 Nb5 19. Nd3 Qe7 20. Nxb5 axb5 21. Ke2 f6 22. Qb4 Qf7 23. Nf4 fxg5 24. hxg5 Rc6 25. Qxb5 Rfc8 26. Rxc6 Rxc6 27. Rxh7 Qf5 28. g6 Qc2+ 29. Kf1 Qf5 30. Rh5 Qf6 31. Kg2 Bf5 32. Bxd5+ Nxd5 33. Qxd5+ Be6 34. Qg5 1-0

[Event "CZE-ch Amateurs 2022"]
[Site "Luhacovice"]
[Date "2022.03.12"]
[Round "1.21"]
[White "Hrancik, Martin"]
[Black "Urban, Zdenek"]
[Result "0-1"]
[ECO "D85"]
[WhiteElo "1444"]
[BlackElo "2093"]
[Annotator "NA"]
[PlyCount "44"]
[EventDate "2022.03.12"]
[EventType "swiss"]
[EventCountry "CZE"]
[SourceTitle "playchess.com"]
[Source "ChessBase"]
[SourceQuality "1"]
[TimeControl "5400+30"]

1. d4 Nf6 2. c4 g6 3. Nc3 d5 4. cxd5 Nxd5 5. Nxd5 Qxd5 6. e3 Nd7 7. Qa4 Bg7 8. Nf3 O-O 9. Bc4 Qd6 10. O-O Nb6 11. Qb3 Nxc4 12. Qxc4 Be6 13. Qc2 Rfd8 14. b3 Rac8 15. Bb2 Bg4 16. Nd2 c5 17. Qe4 Be2 18. Rfe1 Ba6 19. Ba3 Qd7 20. Bxc5 Rxc5 21. dxc5 Bxa1 22. Nf3 Bc3 0-1

[Event "CZE-ch Amateurs 2022"]
[Site "Luhacovice"]
[Date "2022.03.13"]
[Round "2.1"]
[White "Jedlicka, Ales"]
[Black "Lukastik, David"]
[Result "1-0"]
[ECO "D15"]
[WhiteElo "2223"]
[BlackElo "1854"]
[Annotator "RC"]
[PlyCount "63"]
[EventDate "2022.03.12"]
[EventType "swiss"]
[EventCountry "CZE"]
[SourceTitle "playchess.com"]
[Source "ChessBase"]
[SourceQuality "1"]
[TimeControl "5400+30"]

1. d4 c6 2. c4 d5 3. Nf3 Nf6 4. Nc3 dxc4 5. e4 e6 6. Bxc4 Bb4 7. Qe2 O-O 8. O-O Nbd7 9. Bg5 h6 10. Bh4 Be7 11. Rfd1 Re8 12. e5 Nd5 13. Bxe7 Qxe7 14. Ne4 N7b6 15. Bb3 Nf4 16. Qd2 Nbd5 17. g3 Ng6 18. Rac1 f5 19. exf6 Nxf6 20. Re1 Kh8 21. Bc2 Bd7 22. Nc5 Nf8 23. Ne5 Kg8 24. Bb3 Bc8 25. f4 Nd5 26. f5 Qg5 27. Qxg5 hxg5 28. fxe6 Nxe6 29. Nf3 g4 30. Ng5 Nec7 31. Bxd5+ cxd5 32. Nd3 1-0